 Dungeon Crawl Stone Soup version 0.25-a0-780-g622e69b (webtiles) character file.

Game seed: 13996111393456782762, levelgen mode: deterministic

14211 BlueFish the Thaumaturge (level 11, 0/83 HPs)
             Began as a Mummy Wizard on Apr 14, 2020.
             Was an Elder of Kikubaaqudgha.
             Slain by Gastronok (32 damage)
             ... on level 1 of the Lair of Beasts.
             The game lasted 00:55:22 (15242 turns).

BlueFish the Thaumaturge (Mummy Wizard)            Turns: 15242, Time: 00:55:23

Health: 0/83       AC:  3    Str: 10    XL:     11   Next: 85%
Magic:  2/28       EV: 14    Int: 26    God:    Kikubaaqudgha [****..]
Gold:   924        SH:  0    Dex: 10    Spells: 5/36 levels left

rFire    x . .     SeeInvis .   j - +2 whip (elec)
rCold    + . .     Gourm    .   (no shield)
rNeg     + + +     Faith    .   a - +0 robe
rPois    ∞         Spirit   .   o - +1 hat
rElec    .         Reflect  .   (no cloak)
rCorr    .         Harm     .   (no gloves)
MR       ++...                  (no boots)
Stlth    +++.......             d - amulet of regeneration
HPRegen  0.63/turn              f - ring of protection from magic
MPRegen  0.21/turn              r - +4 ring of intelligence

@: studying Summonings
A: no food or potions, fire vulnerability, cold resistance 1, negative energy
resistance 3, torment resistance, unbreathing
a: Receive Corpses, Renounce Religion


You were on level 1 of the Lair of Beasts.
You worshipped Kikubaaqudgha.
Kikubaaqudgha was greatly pleased with you.
You were not hungry.

You visited 3 branches of the dungeon, and saw 13 of its levels.

You collected 924 gold pieces.

Inventory:

Hand Weapons
 b - a +1 whip of freezing
 c - a +0 whip of flaming
 j - a +2 whip of electrocution (weapon)
Armour
 a - a +0 robe (worn)
 o - a +1 hat (worn)
Jewellery
 d - an amulet of regeneration (around neck)
 f - a ring of protection from magic (left hand)
 r - a +4 ring of intelligence (right hand)
 v - an uncursed ring of resist corrosion
 w - an uncursed ring of stealth
Wands
 e - a wand of digging (1)
 h - a wand of enslavement (10)
 k - a wand of polymorph (1)
 q - a wand of disintegration (48)
Scrolls
 g - 3 scrolls of remove curse
 i - 2 scrolls of magic mapping
 l - a scroll of teleportation
 n - a scroll of enchant armour
 p - a scroll of amnesia
 s - a scroll of fear
 t - 2 scrolls of enchant weapon
 u - a scroll of brand weapon {unknown}
 x - 2 scrolls of identify
 y - a scroll of random uselessness {unknown}
Books
 m - a manual of Summonings


   Skills:
 * Level 6.7 Fighting
   Level 0.9 Long Blades
 + Level 3.3 Maces & Flails
 * Level 6.0 Dodging
 * Level 6.1 Stealth
 * Level 13.3 Spellcasting
 + Level 3.3 Conjurations
 + Level 5.4 Summonings
 * Level 6.9 Necromancy
 + Level 0.7 Translocations
 + Level 0.4 Air Magic
 + Level 1.0 Poison Magic


You had 5 spell levels left.
You knew the following spells:

 Your Spells              Type           Power        Failure   Level  Hunger
a - Magic Dart            Conj           ####         1%          1    N/A
b - Blink                 Tloc           N/A          3%          2    N/A
c - Call Imp              Summ           #####...     1%          2    N/A
d - Slow                  Hex            ###.....     4%          2    N/A
e - Mephitic Cloud        Conj/Pois/Air  ####....     4%          3    N/A
f - Pain                  Necr           ####         1%          1    N/A
g - Vampiric Draining     Necr           ######....   1%          3    N/A
h - Agony                 Necr           ######..     5%          5    N/A
i - Animate Dead          Necr           N/A          1%          4    N/A
j - Corpse Rot            Necr/Air       N/A          1%          2    N/A
k - Dispel Undead         Necr           ######..     1%          4    N/A
l - Searing Ray           Conj           ####..       1%          2    N/A

Your spell library contained the following spells:

 Spells                   Type           Power        Failure   Level  Hunger
 Animate Skeleton         Necr           N/A          1%          1    N/A
 Conjure Flame            Conj/Fire      ####....     4%          3    N/A
 Dazzling Flash           Conj/Hex       ####..       4%          3    N/A
 Iskenderun's Mystic Bla  Conj/Tloc      ####....     14%         4    N/A
 Fulminant Prism          Conj/Hex       ####......   16%         4    N/A
 Borgnjor's Vile Clutch   Necr/Erth      #####.....   22%         5    N/A
 Excruciating Wounds      Chrm/Necr      #####.....   22%         5    N/A
 Death Channel            Necr           ######....   28%         6    N/A
 Simulacrum               Ice/Necr       #####.....   77%         6    N/A

Dungeon Overview and Level Annotations

Branches:
Dungeon (11/15)            Temple (1/1) D:6            Lair (1/6) D:11
    Orc (0/2) D:9

Altars:
Ashenzari
Cheibriados
Dithmenos
Elyvilon
Fedhas
Gozag
Hepliaklqana
Kikubaaqudgha
Makhleb
Nemelex Xobeh
Okawaru
Qazlal
Ru
Sif Muna
Trog
Uskayaw
Vehumet
Wu Jian
Xom
Yredelemnul
Zin
The Shining One

Shops:
D:4 (   D:9 [

Annotations:
D:8 Chodeload's ghost, novice DsEE
Lair:1 Gastronok


Innate Abilities, Weirdness & Mutations

You do not eat or drink.
Your flesh is vulnerable to fire.
You are immune to poison.
Your flesh is cold resistant. (rC+)
You are immune to negative energy. (rN+++)
You are immune to unholy pain and torment.
You can survive without breathing.


Message History

Press: ? - help, Shift-Dir - straight line, f/p - Gastronok
Aim: Gastronok, wearing a +0 hat of intelligence (severely wounded) Gastronok is severely wounded.
You feel life coursing into your body! The river rat bites you.
Casting: Vampiric Draining (safe; 1% risk of failure)
Confirm with . or Enter, or press ? or * to list all spells.
Aiming: Vampiric Draining (safe; 1% risk of failure)
Press: ? - help, Shift-Dir - straight line, f/p - Gastronok
Aim: Gastronok, wearing a +0 hat of intelligence (severely wounded) Gastronok is almost dead.
You feel life coursing into your body! The river rat barely misses you.
Gastronok's eyestalks stretch out, then return to normal size.
You hit Gastronok. Lightning courses through Gastronok!
Gastronok is almost dead.
The river rat closely misses you.
You hit Gastronok.
Gastronok is almost dead.
The river rat bites you. Gastronok bites you!!
You die...
Kikubaaqudgha rasps: "You have failed me!
Welcome... oblivion!"

.##.....##.....#P....#.... ...
.# ..>##...####...#..#.##...
## ...##.#.####..#.......$..
###...................#...8...
.(....................#.....>.
...................#..#...8...
...................#...# ....
.................r..#..#..#
................@w........#
......................##......
..... ................# #.....
..... ..............## #.#+.
#### ####.#####...# ..+ #.
#...# .# # #...# # #...# #...#


You could see Gastronok and a river rat.

Vanquished Creatures
  3 death yaks (D:10)
  A two-headed ogre (D:8)
  Pikel (D:5)
  A cyclops (D:11)
  An ugly thing (D:11)
  A spiny frog (Lair:1)
  2 komodo dragons (Lair:1)
  A troll (D:11)
  A queen bee (D:9)
  Grinder (D:4)
  2 hippogriffs
  A spriggan (D:10)
  4 yaks
  3 wyverns
  A steam dragon (D:8)
  A vampire mosquito (D:7)
  A hungry ghost (D:8)
  2 water moccasins
  2 porcupines
  2 black bears
  3 ice beasts
  3 sky beasts
  2 phantoms
  6 orc warriors
  A necrophage (D:11)
  6 ogres
  10 centaurs
  2 crocodiles
  3 big kobolds
  6 bullfrogs
  4 scorpions
  28 killer bees
  12 wights
  3 crimson imps
  A quasit (D:6)
  3 bullfrog zombies
  A centaur zombie (D:11)
  2 orc priests
  A bullfrog skeleton (D:8)
  4 hounds
  3 jellies
  A centaur skeleton (D:7)
  3 iguanas
  Natasha (twice) (D:4)
  8 orc wizards
  9 worker ants
  A hound skeleton (D:5)
  3 gnolls
  9 adders
  2 shadow imps
  2 adder zombies
  A worm (D:6)
  5 dart slugs
  10 leopard geckos
  28 orcs
  2 bats (D:1)
  4 giant cockroaches
  8 goblins
  5 hobgoblins (D:1)
  6 jackals
  4 quokkas
  4 ball pythons
  5 frilled lizards
  A jackal zombie (D:6)
  21 kobolds
  6 rats
286 creatures vanquished.

Vanquished Creatures (collateral kills)
  A yak (D:8)
  Edmund (D:4)
  2 ogres
  A crocodile (D:10)
  A wight (D:7)
  A jelly (D:9)
  Natasha (D:4)
  A gnoll (D:4)
  3 adders
  A leopard gecko (D:5)
  An orc (D:7)
  2 kobolds (D:9)
16 creatures vanquished.

Vanquished Creatures (others)
  A fungus (Lair:1)
  8 plants (D:7)
  5 toadstools (D:3)
  A withered plant (D:8)
15 creatures vanquished.

Grand Total: 317 creatures vanquished

Notes
Turn   | Place    | Note
-------+----------+-------------------------------------------
     0 | D:1      | BlueFish the Mummy Wizard began the quest for the Orb.
     0 | D:1      | Reached XP level 1. HP: 13/13 MP: 5/5
   222 | D:1      | Reached XP level 2. HP: 20/20 MP: 5/7
   235 | D:1      | Learned a level 2 spell: Blink
   238 | D:1      | Learned a level 2 spell: Call Imp
   241 | D:1      | Learned a level 2 spell: Slow
   618 | D:1      | Found a glowing golden altar of the Shining One.
  1127 | D:1      | Reached XP level 3. HP: 25/25 MP: 5/9
  1132 | D:1      | Learned a level 3 spell: Mephitic Cloud
  1209 | D:1      | Reached skill level 5 in Spellcasting
  1280 | D:1      | Reached skill level 1 in Fighting
  1675 | D:2      | Reached skill level 1 in Conjurations
  2688 | D:3      | Reached XP level 4. HP: 32/32 MP: 9/11
  3425 | D:3      | Found a faded altar of an unknown god.
  3475 | D:4      | Noticed Grinder
  3498 | D:3      | Reached XP level 5. HP: 15/38 MP: 4/13
  3597 | D:4      | Killed Grinder
  3597 | D:4      | Reached skill level 6 in Spellcasting
  3597 | D:4      | Reached skill level 1 in Summonings
  3597 | D:4      | Reached XP level 6. HP: 44/44 MP: 6/15
  3753 | D:4      | Noticed a hippogriff
  3988 | D:4      | Noticed Natasha
  3996 | D:4      | Killed Natasha
  4151 | D:4      | Reached XP level 7. HP: 52/52 MP: 13/17
  4177 | D:4      | Found Ciextepp's Weapon Shoppe.
  4211 | D:4      | Killed a hippogriff
  4211 | D:4      | Reached skill level 7 in Spellcasting
  4451 | D:4      | Noticed Edmund
  4452 | D:4      | Found a glowing silver altar of Zin.
  4497 | D:4      | Killed Edmund
  4569 | D:4      | Noticed an angel
  4696 | D:5      | Entered Level 5 of the Dungeon
  5132 | D:5      | Reached XP level 8. HP: 29/58 MP: 16/19
  5267 | D:4      | Noticed Natasha
  5278 | D:4      | Killed Natasha
  5278 | D:4      | Reached skill level 8 in Spellcasting
  5283 | D:4      | Noticed Natasha
  5288 | D:4      | Killed Natasha
  5360 | D:5      | Reached skill level 1 in Maces & Flails
  5403 | D:5      | Found a shimmering blue altar of Sif Muna.
  5533 | D:5      | Got a scorched leather armour
  5567 | D:5      | Learned a level 1 spell: Pain
  5573 | D:5      | Learned a level 3 spell: Vampiric Draining
  5579 | D:5      | Learned a level 5 spell: Agony
  5584 | D:5      | Learned a level 4 spell: Animate Dead
  5729 | D:5      | Noticed Pikel
  5748 | D:5      | Killed Pikel
  5748 | D:5      | Reached skill level 1 in Necromancy
  5885 | D:5      | Found a blossoming altar of Fedhas.
  5897 | D:5      | Found a hide-covered altar of Uskayaw.
  5897 | D:5      | Found a hazy altar of Hepliaklqana.
  5899 | D:5      | Found a shimmering altar of Xom.
  5899 | D:5      | Found a glowing silver altar of Zin.
  5899 | D:5      | Found a shattered altar of Ashenzari.
  6061 | D:6      | Found a staircase to the Ecumenical Temple.
  6071 | Temple   | Entered the Ecumenical Temple
  6104 | Temple   | Became a worshipper of Kikubaaqudgha
  6499 | D:6      | Reached XP level 9. HP: 66/66 MP: 13/21
  6590 | D:6      | Found a burning altar of Makhleb.
  6760 | D:6      | Found a blossoming altar of Fedhas.
  6769 | D:6      | Reached skill level 9 in Spellcasting
  6850 | D:6      | Found a radiant altar of Vehumet.
  6852 | D:6      | Found a stormy altar of Qazlal.
  6884 | D:7      | Found a hide-covered altar of Uskayaw.
  6891 | D:7      | Noticed a +0 dagger
  6891 | D:7      | Noticed a +0 dagger
  7653 | D:7      | Reached * piety under Kikubaaqudgha
  7653 | D:7      | Identified Kikubaaqudgha's Tome of Dark Arts (Kikubaaqudgha
                  | gifted it to you on level 7 of the Dungeon)
  7653 | D:7      | Received a gift from Kikubaaqudgha
  7660 | D:7      | Learned a level 2 spell: Corpse Rot
  8258 | D:7      | Reached skill level 10 in Spellcasting
  8799 | D:8      | Reached skill level 5 in Fighting
  8871 | D:8      | Found a runed translucent door.
  8874 | D:8      | Noticed Chodeload's ghost (novice DsEE)
  8916 | D:8      | Reached XP level 10. HP: 74/74 MP: 16/24
  8980 | D:8      | HP: 1/74 [yak (7)]
  9397 | D:8      | Reached ** piety under Kikubaaqudgha
  9397 | D:8      | Reached skill level 5 in Dodging
  9536 | D:8      | Noticed a two-headed ogre
  9600 | D:8      | Killed a two-headed ogre
  9600 | D:8      | Reached skill level 11 in Spellcasting
  9767 | D:8      | Found a shimmering altar of Xom.
 10077 | D:8      | Found a hazy altar of Hepliaklqana.
 10211 | D:7      | Upgraded the game from 0.25-a0-766-g0ecfff5 to
                  | 0.25-a0-780-g622e69b
 10557 | D:9      | Found a basalt altar of Yredelemnul.
 10622 | D:9      | Found a staircase to the Orcish Mines.
 10624 | D:9      | Found Hehumaz's Armour Emporium.
 10747 | D:9      | Reached skill level 5 in Summonings
 10786 | D:9      | Found an iron altar of Okawaru.
 11266 | D:9      | Reached skill level 5 in Stealth
 11527 | D:9      | Reached *** piety under Kikubaaqudgha
 11527 | D:9      | Identified Kikubaaqudgha's Disquisition on Dark Secrets
                  | (Kikubaaqudgha gifted it to you on level 9 of the Dungeon)
 11527 | D:9      | Received a gift from Kikubaaqudgha
 11600 | D:9      | Reached skill level 5 in Necromancy
 12171 | D:10     | Entered Level 10 of the Dungeon
 12218 | D:10     | Reached skill level 12 in Spellcasting
 12218 | D:10     | Reached XP level 11. HP: 45/81 MP: 11/27
 12731 | D:10     | Reached skill level 1 in Poison Magic
 13443 | D:11     | Reached **** piety under Kikubaaqudgha
 13908 | D:11     | Learned a level 4 spell: Dispel Undead
 13911 | D:11     | Learned a level 2 spell: Searing Ray
 13969 | D:11     | Noticed a death yak
 14218 | D:11     | Noticed a death yak
 14237 | D:10     | Killed a death yak
 14366 | D:11     | Noticed a death yak
 14382 | D:10     | Killed a death yak
 14509 | D:10     | Killed a death yak
 14509 | D:10     | Reached skill level 13 in Spellcasting
 14694 | D:11     | Found a staircase to the Lair.
 14696 | D:11     | Noticed a white ugly thing
 14739 | D:11     | Killed a white ugly thing
 14949 | Lair:1   | Entered Level 1 of the Lair of Beasts
 15199 | Lair:1   | Noticed Gastronok
 15217 | Lair:1   | Noticed an eight-headed hydra
 15242 | Lair:1   | Slain by Gastronok

Levels and vault maps discovered:
D:1:      elethiomel_arrival_quiet, layout_basic, chequers_garden,
          hangedman_feature_mirror, tso_metal_star
D:2:      minmay_general_purpose_star, layout_loops_cross, st_stairs_14,
          minmay_indecisive_spiral
D:3:      layout_loops_ring, chequers_ecumenical_altar_simple,
          minmay_gold_behind_fungi
D:4:      layout_rooms, zin_angel, first_ration, serial_shops,
          nicolae_shop_statue_plus, minmay_manual_maat, uniq_edmund,
          uniq_grinder, uniq_natasha
D:5:      layout_rooms, led_sif_pool, doesnt_xom_only_xom, uniq_pikel
D:6:      layout_rooms, lemuel_doored_altar, nicolae_overflow_hidden_temple,
          overflow_temple_1_default, minmay_temple_entry_mini_moons
D:7:      layout_cave_pools, dancing_weapons_uskayaw, dk_noncrumbling_3,
          nicolae_water_bricks, minmay_shattered_shrine
D:8:      layout_loops_ring, regret_index_temple_of_mockery,
          gammafunk_ghost_grave
D:9:      layout_loops_ring, yredelemnul_altar_generic,
          overflow_temple_1_default, orc_david_3, special_room
          [special_room_bee]
D:10:     layout_roguey, the_bakery, minmay_quadrilaterals
D:11:     layout_big_octagon, dpeg_lair_monsters
Temple:   eino_temple_lava
Lair:1:   dragon1_lemuel, layout_regular_city, grunt_megastairs_2,
          uniq_gastronok

Skill      XL: |  1  2  3  4  5  6  7  8  9 10 11 |
---------------+----------------------------------+-----
Spellcasting   | 5 6 7 8 10 12 13 | 13.3
Fighting       | 1 2 3 4 5 6 |  6.7
Conjurations   | 1 2 3 |  3.3
Stealth        | 2 3 4 5 6 |  6.1
Dodging        | 2 3 4 5 6 |  6.0
Summonings     | 1 3 4 5 |  5.4
Maces & Flails | 1 2 3 |  3.3
Necromancy     | 2 4 5 6 |  6.9
Poison Magic   | 1 |  1.0
Long Blades    | |  0.9
Translocations | |  0.7
Air Magic      | |  0.4

Action                   |  1- 3 |  4- 6 |  7- 9 | 10-12 || total
-------------------------+-------+-------+-------+-------++-------
Melee: Club              |     5 |       |       |       ||     5
       Dagger            |     5 |       |       |       ||     5
       Long sword        |     2 |    10 |       |       ||    12
       Whip              |       |    40 |   301 |   333 ||   674
 Cast: Magic Dart        |   123 |    42 |   211 |   245 ||   621
       Call Imp          |       |    25 |    45 |    47 ||   117
       Mephitic Cloud    |       |     1 |    21 |    12 ||    34
       Blink             |       |       |     1 |     1 ||     2
       Vampiric Draining |       |       |     6 |   110 ||   116
       Searing Ray       |       |       |       |     7 ||     7
       Animate Dead      |       |       |       |     1 ||     1
       Dispel Undead     |       |       |       |     1 ||     1
  Use: Scroll            |     3 |     3 |     3 |     6 ||    15
 Stab: Distracted        |       |       |     1 |       ||     1
       Confused          |       |       |     6 |     6 ||    12
       Sleeping          |       |       |       |     1 ||     1
Armor: Robe              |     9 |     3 |    42 |    35 ||    89
Dodge: Dodged            |    23 |    20 |   202 |   313 ||   558
       Rpst.: Long sword |     1 |     3 |       |       ||     4

Table legend:
 A = Non-vault XP
 B = Vault XP
 C = Vault XP percentage of total XP
 D = Non-vault monster count
 E = Vault monster count
 F = Vault count percentage of total count
                 A         B        C        D         E       F
            +---------+---------+-------+---------+---------+-------
      Total |   13311 |    6991 |  34.4 |     232 |      70 |  23.2
            +---------+---------+-------+---------+---------+-------
        D:1 |      43 |       9 |  17.3 |      21 |       6 |  22.2
        D:2 |      19 |      10 |  34.5 |       8 |       7 |  46.7
        D:3 |      60 |       0 |   0.0 |      11 |       0 |   0.0
        D:4 |     398 |     602 |  60.2 |      12 |       6 |  33.3
        D:5 |     793 |     445 |  35.9 |      23 |       1 |   4.2
        D:6 |     717 |       0 |   0.0 |      17 |       0 |   0.0
        D:7 |    1030 |     958 |  48.2 |      23 |      12 |  34.3
        D:8 |    2993 |       0 |   0.0 |      30 |       0 |   0.0
        D:9 |    1145 |    1708 |  59.9 |      29 |      29 |  50.0
       D:10 |    1651 |    3116 |  65.4 |      22 |       8 |  26.7
       D:11 |    3119 |     143 |   4.4 |      31 |       1 |   3.1
     Lair:1 |    1343 |       0 |   0.0 |       5 |       0 |   0.0
            +---------+---------+-------+---------+---------+-------
